 Dungeon Crawl Stone Soup version 0.21-a0-509-gecc5317 (webtiles) character file.

18 Gerstahl the Slasher (level 2, -11/28 HPs)
             Began as a Naga Monk on Nov 30, 2017.
             Mangled by a gnoll
             ... wielding a +0 halberd
              (15 damage)
             ... on level 1 of the Dungeon.
             The game lasted 00:01:10 (295 turns).

Gerstahl the Slasher (Naga Monk)                     Turns: 295, Time: 00:01:11

Health: -11/28     AC:  1    Str: 13    XL:     2   Next: 70%
Magic:  2/2        EV: 10    Int: 10    God:
Gold:   0          SH:  0    Dex: 13    Spells: 1/1 levels left

rFire    . . .     SeeInvis +   a - +0 falchion
rCold    . . .     Gourm    .   (no shield)
rNeg     . . .     Faith    .   b - +0 robe
rPois    +         Spirit   .   (no helmet)
rElec    .         Reflect  .   (no cloak)
rCorr    .         Harm     .   (no gloves)
MR       .....                  (no barding)
Stlth    ++........             (no amulet)
HPRegen  0.09/turn              (no ring)
MPRegen  0.08/turn              (no ring)

@: short of breath, very slow
A: large, see invisible, deformed body, poison resistance, slowness 2, slow
metabolism 1, spit poison 1, AC +0
a: Spit Poison


You were on level 1 of the Dungeon.
You were not hungry.

You visited 1 branch of the dungeon, and saw 1 of its levels.

Inventory:

Hand Weapons
 a - a +0 falchion (weapon)
Armour
 b - a +0 robe (worn)
Scrolls
 d - a scroll of identify {unknown}
 f - a scroll of enchant weapon {unknown}
Potions
 e - a potion of flight {unknown}
Comestibles
 c - a bread ration
 g - a royal jelly


   Skills:
 + Level 3.4 Fighting
 + Level 3.4 Long Blades
 - Level 2.4 Dodging
 - Level 3.0 Stealth


You had one spell level left.
You didn't know any spells.

Dungeon Overview and Level Annotations

Branches:
Dungeon (1/15)

Altars:


Innate Abilities, Weirdness & Mutations

You cannot wear boots.
Your serpentine skin is tough. (AC +0)
You have supernaturally acute eyesight. (SInv)
Armour fits poorly on your strangely shaped body.
Your system is resistant to poisons. (rPois)
You cover ground very slowly.
You have a slow metabolism.
You can spit poison.


Message History

The hobgoblin moves out of view.
There is an open door here.
The gnoll hits you from afar with a halberd.
Press: ? - help, Shift-Dir - straight line, f - gnoll
Aim: a gnoll, wielding a halberd The splash of poison misses the gnoll.
You feel slightly more hungry. The gnoll hits you with a halberd! x2
Ouch! That really hurt!
* * * LOW HITPOINT WARNING * * *
You hit the gnoll.
The gnoll is moderately wounded.
The gnoll closely misses you.
You riposte.
You barely miss the gnoll.
The gnoll is moderately wounded.
You barely miss the gnoll.
The gnoll is moderately wounded.
You hit the gnoll but do no damage.
The gnoll is moderately wounded.
The gnoll hits you with a halberd!
Ouch! That really hurt!
You die...

...........'..........
.#######.###.......... #.#
##########. ..#.. #.#
########### #.#.. #.#
#.......... #.....
####.###.......... #....
#..............÷..
#....####.##.###..........
##.......#@##.# #........†.
........gg.##.# #..........
#..##...#.##.# #.......... #
##.##...#.##.# #.......... .
#.##..#...#.##.# #..........
..##.#...########.###..........
...............................
#......#....##.###..........
#...).†..(..##+#############


You could see a gnoll and a hobgoblin.

Vanquished Creatures
  A giant cockroach (D:1)
  5 hobgoblins (D:1)
  5 goblins (D:1)
  4 kobolds (D:1)
  2 rats (D:1)
17 creatures vanquished.

Notes
Turn   | Place    | Note
-------+----------+-------------------------------------------
     0 | D:1      | Gerstahl the Naga Monk began the quest for the Orb.
     0 | D:1      | Reached XP level 1. HP: 21/21 MP: 1/1
   110 | D:1      | Reached XP level 2. HP: 23/28 MP: 2/2
   295 | D:1      | Mangled by a gnoll

Vault maps used:
D:1:      kennysheep_arrival_forest

Action                   || total
-------------------------++-------
Melee: Falchion          ||    25
 Abil: Spit Poison       ||    15
Dodge: Dodged            ||    14
       Rpst.: Falchion   ||     4

Table legend:
 A = Spawn XP
 B = Non-spawn XP
 C = Spawn XP percentage of total XP
 D = Spawn monster count
 E = Non-spawn monster count
 F = Spawn count percentage of total count
 G = Total turns spent on level
                    A         B        C        D         E        F      G
               +---------+---------+-------+---------+---------+-------+---------
         Total |       0 |      27 |   0.0 |       0 |      17 |   0.0 |   295
               +---------+---------+-------+---------+---------+-------+---------
           D:1 |       0 |      27 |   0.0 |       0 |      17 |   0.0 |   295
               +---------+---------+-------+---------+---------+-------+---------
